 Dungeon Crawl Stone Soup version 0.29.1-2-gbd0b4ee654 (webtiles) character file.

Game seed: 16834980228307787953

65 Condegh the Chopper (level 4, -1/40 HPs)
             Began as a Hill Orc Monk on Nov 4, 2022.
             Slain by an orc
             ... wielding a +0 dagger
              (3 damage)
             ... on level 2 of the Dungeon.
             The game lasted 00:08:38 (1968 turns).

Condegh the Chopper (Hill Orc Monk)                 Turns: 1968, Time: 00:08:39

Health: -1/40      AC: 12    Str: 15    XL:     4   Next: 13%
Magic:  4/4        EV:  5    Int: 10    God:
Gold:   100        SH:  0    Dex: 19    Spells: 3/3 levels left

rFire   . . .      SeeInvis .   a - +0 hand axe
rCold   . . .      Faith    .   (no shield)
rNeg    . . .      Spirit   .   s - +0 plate armour
rPois   .          Reflect  .   (no helmet)
rElec   .          Harm     .   (no cloak)
rCorr   .          Rampage  .   (no gloves)
Will    +....                   d - +0 pair of boots
Stlth   ..........              (no amulet)
HPRegen 0.13/turn               h - +6 ring of dexterity
MPRegen 0.09/turn               m - ring of willpower

@: no status effects
A: no striking features
a: no special abilities


You were on level 2 of the Dungeon.
You visited 1 branch of the dungeon, and saw 3 of its levels.

You collected 100 gold pieces.

Inventory:

Hand Weapons
 a - a +0 hand axe (weapon)
Armour
 b - a +0 robe
 d - a +0 pair of boots (worn)
 s - a +0 plate armour (worn)
Jewellery
 h - a +6 ring of dexterity (left hand)
 m - a ring of willpower (right hand)
 r - a ring of resist corrosion
Scrolls
 i - a scroll of teleportation
 k - a scroll of fear {unknown}
 n - a scroll of blinking {unknown}
 p - a scroll of enchant armour {unknown}
 q - a scroll of amnesia {unknown}
 v - a scroll of enchant weapon {unknown}
Potions
 e - 2 potions of haste {unknown}
 f - a potion of heal wounds {unknown}
 g - 2 potions of attraction {unknown}
 j - a potion of degeneration {unknown}
 l - 3 potions of curing {unknown}
 o - a potion of lignification {unknown}
 u - a potion of flight
 w - a potion of brilliance


   Skills:
 - Level 4.0 Fighting
 + Level 5.2 Axes
 + Level 2.4 Armour
 - Level 2.4 Dodging
 - Level 1.5 Stealth


You had 3 spell levels left.
You didn't know any spells.
Your spell library was empty.

Dungeon Overview and Level Annotations

Branches:
Dungeon (3/15)

Altars:
Sif Muna


Message History

The orc hits you but does no damage. The orc barely misses you.
The gnoll hits you but does no damage. The orc barely misses you.
You closely miss the orc.
The orc is moderately wounded.
You hit the orc. x2; You hit the endoplasm but do no damage.
You hit the gnoll.
The endoplasm hits you but does no damage.
The orc hits you but does no damage. x2; The gnoll hits you with a +0 club.
* * * LOW HITPOINT WARNING * * *
The orc hits you with a +0 hand axe.
* * * LOW HITPOINT WARNING * * *
The endoplasm freezes you.
You are frozen.
* * * LOW HITPOINT WARNING * * *
The gnoll hits you but does no damage. The orc hits you with a +0 hand axe.
* * * LOW HITPOINT WARNING * * *
The orc hits you but does no damage. x2
The endoplasm attacks as you move away!
The endoplasm hits you but does no damage.
The orc hits you with a +0 dagger.
* * * LOW HITPOINT WARNING * * *
You're too confused to move!
You feel less invigorated.
You feel less confused. The endoplasm freezes you.
You are frozen.
* * * LOW HITPOINT WARNING * * *
The orc hits you but does no damage. The orc barely misses you.
The orc hits you with a +0 hand axe.
* * * LOW HITPOINT WARNING * * *
You hit the orc.
You kill the orc!
You hit the endoplasm but do no damage. You barely miss the orc.
You hit the orc. The endoplasm barely misses you.
The orc completely misses you. The orc hits you but does no damage.
You closely miss the orc.
The orc is severely wounded.
You barely miss the gnoll. You barely miss the endoplasm.
You completely miss the orc. The endoplasm hits you.
* * * LOW HITPOINT WARNING * * *
The orc hits you with a +0 dagger.
You die...

........(### [#....##.#
##### ...##..รท.#
######...# .)#####..####
#.......##
>...........####.##.####
####................##
#....##..............##
..######.......g.###..#
### ##......J@###..# #
#......oo....##
#........#####
#........# #.....)..#
#........# #........#
##########


You could see a gnoll, 2 orcs and an endoplasm.

Vanquished Creatures
  2 adders (D:2)
  A dart slug (D:3)
  3 orcs (D:2)
  9 ball pythons
  A bat (D:2)
  2 endoplasms
  3 giant cockroaches (D:1)
  3 hobgoblins
  2 jackals (D:1)
  A quokka (D:1)
  4 frilled lizards
  3 goblins
  5 kobolds (D:1)
  2 rats
41 creatures vanquished.

Notes
Turn   | Place    | Note
-------+----------+-------------------------------------------
     0 | D:1      | Condegh the Hill Orc Monk began the quest for the Orb.
     0 | D:1      | Reached XP level 1. HP: 19/19 MP: 1/1
   275 | D:1      | Reached XP level 2. HP: 18/27 MP: 2/2
   530 | D:1      | Reached skill level 1 in Armour
  1366 | D:2      | Reached XP level 3. HP: 31/33 MP: 3/3
  1382 | D:2      | Found a shimmering blue altar of Sif Muna.
  1394 | D:2      | Found a faded altar of an unknown god.
  1517 | D:2      | Reached skill level 5 in Axes
  1902 | D:3      | Reached XP level 4. HP: 39/40 MP: 4/4
  1910 | D:3      | Noticed an ogre
  1964 | D:2      | HP: 2/40 [frozen (1)]
  1968 | D:2      | Slain by an orc

Illustrated notes

Levels and vault maps discovered:
D:1:      dpeg_arrival_short_road, layout_loops_ring, nicolae_titane
D:2:      layout_rooms, basic_altar, basic_ecumenical_altar
D:3:      layout_rooms, minmay_misc_feat_diagonals

Skill      XL: |  1  2  3 |
---------------+----------+-----
Armour         | 1 2 |  2.4
Fighting       | 4 |  4.0
Axes           | 5 |  5.2
Dodging        | |  2.4
Stealth        | |  1.5

Action                   |  1- 3 |  4- 6 || total
-------------------------+-------+-------++-------
Melee: Hand axe          |   160 |    11 ||   171
  Use: Scroll            |     3 |       ||     3
       Potion            |       |     1 ||     1
 Stab: Sleeping          |     3 |       ||     3
Armor: Robe              |    39 |       ||    39
       Plate armour      |    34 |    33 ||    67
Dodge: Dodged            |    72 |    15 ||    87
